Map: Glittering Ashes LE

Players

Spirit (souL)

  • Race: Terran Terran
  • League: Master

DrogoTalks - Winner!

  • Race: Protoss Protoss
  • League: Grandmaster

VOD

Have the link to the VOD?

Description

Time

  • Played on: March 4, 2022, 9:02 a.m.
  • Length: 9:43
Show
View Real Time Build Order
Export as new Build Order

Spirit Terran 

Build Orders:  

Get SALT Encoding   

  12  0:00  SCV  
  13  0:12  SCV  
  14  0:18  Supply Depot  
  14  0:24  SCV  
  15  0:39  SCV  
  15  0:40  Barracks  
  16  0:44  Refinery  
  16  0:51  SCV  
  17  1:03  SCV  
  18  1:16  SCV  
  19  1:27  Marine  
  19  1:28  Orbital Command  
  20  1:45  Barracks Reactor  
  20  1:48  Command Center  
  20  1:54  SCV  
  21  1:57  Supply Depot  
  21  2:06  SCV  
  22  2:11  Factory  
  22  2:18  SCV  
  22  2:21  Marine x2  
  25  2:24  Bunker  
  25  2:30  SCV  
  26  2:39  Marine x2  
  26  2:42  SCV  
  29  2:56  Starport  
  29  2:57  Hellion  
  31  3:00  Marine x2, SCV  
  31  3:05  Orbital Command  
  34  3:08  Refinery  
  34  3:12  SCV  
  35  3:18  Marine x2  
  37  3:24  SCV, Widow Mine  
  40  3:30  SCV, Supply Depot  
  41  3:35  Medivac  
  41  3:36  SCV  
  44  3:41  Supply Depot  
  45  3:49  Widow Mine  
  45  3:51  SCV x2  
  48  4:01  Marine x2  
  48  4:03  SCV x2  
  48  4:05  Starport Tech Lab  
  50  4:10  Command Center  
  50  4:13  Factory Tech Lab  
  50  4:15  SCV  
  51  4:18  SCV  
  51  4:19  Marine x2  
  54  4:24  Raven  
  54  4:28  SCV  
  57  4:32  SCV, Barracks  
  57  4:35  Supply Depot  
  58  4:40  SCV  
  58  4:41  Marine x2  
  58  4:44  SCV  
  62  4:55  SCV  
  62  4:57  Siege Tank  
  62  4:58  SCV  
  62  4:59  Marine  
  64  5:03  Refinery  
  64  5:04  Refinery  
  64  5:08  SCV, Barracks  
  64  5:10  SCV  
  66  5:15  Starport Reactor  
  66  5:16  Supply Depot  
  66  5:20  SCV  
  66  5:22  SCV  
  66  5:23  Engineering Bay  
  66  5:24  Engineering Bay  
  66  5:26  Orbital Command  
  67  5:32  SCV, Stimpack  
  67  5:33  Marauder  
  67  5:34  SCV  
  71  5:39  Barracks  
  71  5:44  Factory Reactor  
  71  5:46  Marine  
  71  5:47  Marine  
  71  5:49  SCV  
  74  5:52  Terran Infantry Armor Level 1, Orbital Command, Terran Infantry Weapons Level 1  
  74  5:54  SCV  
  74  5:55  Marauder  
  77  6:01  SCV, Barracks  
  77  6:03  Combat Shield  
  78  6:04  Marauder, Marine  
  78  6:07  SCV  
  80  6:11  Missile Turret  
  80  6:12  Marine  
  80  6:13  SCV  
  80  6:14  Medivac  
  80  6:16  Marauder  
  80  6:18  Supply Depot  
  86  6:19  SCV, Supply Depot  
  86  6:20  SCV  
  86  6:22  Medivac  
  90  6:27  Widow Mine  
  90  6:29  Marine  
  93  6:34  Widow Mine  
  93  6:35  Marine  
  93  6:37  Barracks Tech Lab  
  93  6:38  Marauder  
  92  6:43  Marauder  
  91  6:47  Marine  
  91  6:48  SCV  
  91  6:50  SCV  
  91  6:53  Marine  
  91  6:54  Medivac  
  97  6:56  SCV  
  97  7:00  SCV, Marauder  
  99  7:02  SCV  
  99  7:04  Marine  
  99  7:06  Marine, Marauder  
  99  7:08  SCV, Barracks Reactor  
  105  7:10  Widow Mine  
  105  7:12  Concussive Shells  
  105  7:13  SCV  
  105  7:14  SCV, Supply Depot  
  109  7:15  Supply Depot  
  109  7:19  Widow Mine  
  109  7:20  SCV  
  109  7:21  Marauder  
  109  7:22  Marauder  
  116  7:23  Marine  
  117  7:32  SCV  
  117  7:33  Marine  
  117  7:36  Marauder  
  117  7:37  Medivac x2  
  117  7:40  Marine  
  117  7:43  Marauder, Marine  
  115  7:44  Marine  
  115  7:48  Ghost Academy  
  115  7:49  SCV  
  112  7:55  Marine  
  112  7:56  Marine  
  112  7:58  Marauder  
  103  8:01  Marauder  
  103  8:04  Marine, Marauder  
  103  8:05  SCV x3  
  108  8:06  Refinery x2, Marine  
  108  8:07  Medivac  
  108  8:08  Widow Mine  
  109  8:16  Marine  
  109  8:17  SCV x3  
  109  8:19  Marine, Marauder  
  103  8:21  Marine  
  103  8:23  Marauder, Marine  
  103  8:25  Marine  
  100  8:29  SCV x3  
  100  8:33  Marine  
  94  8:36  Marine  
  94  8:39  Marine  
  94  8:40  Marine  
  89  8:41  Marine, SCV  
  89  8:42  SCV x2  
  89  8:43  Marine  
  89  8:44  Marine  
  89  8:47  Widow Mine  
  89  8:50  Orbital Command  
  89  8:51  Marine  
  89  8:54  SCV, Marine  
  90  8:57  Marine  
  90  8:58  Marine  
  90  8:59  Marine  
  90  9:00  Marine  
  90  9:01  Marine  
  92  9:09  Marine  
  77  9:12  Marine  
  77  9:15  Marine  
  77  9:16  Marauder  
  72  9:17  Marine  
  72  9:19  Marauder, Marine  
Show
View Real Time Build Order
Export as new Build Order

DrogoTalks Protoss - Winner!

Build Orders: 1 Gate Expand, Blink Stalkers, Zealot Archon 

Get SALT Encoding   

  12  0:00  Probe  
  13  0:12  Probe  
  14  0:17  Pylon  
  14  0:24  Probe  
  15  0:35  Gateway  
  15  0:36  Probe (Chrono Boost)  
  16  0:45  Probe (Chrono Boost)  
  16  0:46  Assimilator  
  17  0:51  Probe  
  18  1:03  Probe  
  19  1:15  Probe  
  20  1:22  Cybernetics Core  
  20  1:32  Nexus  
  20  1:39  Pylon  
  20  1:42  Probe  
  21  1:50  Assimilator  
  21  1:55  Probe  
  21  1:56  Stalker (Chrono Boost)  
  24  2:02  Warp Gate  
  24  2:07  Probe  
  25  2:16  Adept (Chrono Boost)  
  25  2:19  Probe  
  28  2:31  Probe  
  28  2:34  Twilight Council  
  30  2:44  Probe (Chrono Boost)  
  30  2:48  Gateway, Probe (Chrono Boost)  
  31  2:54  Probe (Chrono Boost)  
  31  2:57  Probe (Chrono Boost)  
  33  2:59  Probe (Chrono Boost)  
  33  3:04  Blink (Chrono Boost)  
  34  3:07  Probe  
  34  3:11  Stalker, Probe  
  38  3:19  Probe  
  37  3:28  Probe  
  37  3:30  Pylon  
  37  3:33  Probe  
  39  3:40  Probe  
  40  3:45  Probe  
  41  3:49  Pylon  
  41  3:51  Stalker x2  
  41  3:53  Robotics Facility  
  45  3:58  Probe  
  45  4:01  Probe  
  47  4:04  Nexus  
  47  4:12  Probe (Chrono Boost)  
  47  4:13  Probe (Chrono Boost)  
  47  4:15  Stalker  
  47  4:17  Stalker  
  55  4:24  Pylon  
  55  4:25  Probe (Chrono Boost)  
  55  4:27  Probe (Chrono Boost)  
  55  4:30  Probe (Chrono Boost)  
  55  4:31  Assimilator  
  55  4:33  Assimilator  
  55  4:34  Probe  
  57  4:39  Pylon  
  57  4:40  Probe  
  57  4:41  Observer  
  57  4:42  Stalker  
  61  4:46  Probe  
  61  4:49  Stalker  
  61  4:51  Charge  
  61  4:52  Probe  
  65  5:05  Stalker  
  65  5:06  Probe (Chrono Boost)  
  69  5:15  Probe (Chrono Boost)  
  69  5:17  Gateway  
  69  5:18  Probe (Chrono Boost)  
  69  5:19  Gateway  
  70  5:25  Probe (Chrono Boost)  
  73  5:28  Probe (Chrono Boost)  
  73  5:29  Shield Battery, Probe (Chrono Boost)  
  73  5:33  Probe (Chrono Boost)  
  75  5:37  Probe (Chrono Boost)  
  75  5:38  Probe x2 (Chrono Boost)  
  75  5:39  Templar Archives  
  77  5:46  Probe  
  77  5:48  Probe x2  
  80  5:57  Gateway  
  80  5:58  Gateway, Probe  
  80  5:59  Gateway  
  80  6:00  Probe  
  80  6:02  Stalker x2  
  80  6:03  Probe  
  87  6:07  Gateway x2  
  87  6:09  Psionic Storm  
  87  6:10  Gateway, Probe  
  88  6:17  Assimilator x2  
  88  6:35  Probe  
  87  6:44  Probe  
  87  6:45  Probe  
  85  6:47  Probe  
  85  6:48  High Templar x3  
  85  6:50  Pylon  
  85  6:51  Pylon  
  92  7:06  Pylon, Warp Prism  
  92  7:07  Pylon x2, Nexus  
  94  7:09  Pylon, High Templar x2  
  94  7:10  Zealot x5  
  94  7:14  Archon  
  108  7:24  Pylon  
  108  7:25  High Templar x2  
  108  7:26  Sentry  
  114  7:30  Pylon, Archon  
  114  7:33  Zealot x5  
  118  7:43  Zealot x2  
  112  7:55  Stalker x6  
  116  8:01  Zealot x2  
  116  8:04  Zealot x2  
  124  8:10  Forge  
  120  8:14  Forge  
  120  8:18  Archon  
  106  8:25  Zealot x10  
  100  8:39  Probe x2  
  100  8:40  Probe x2  
  94  8:49  Zealot x9  
  94  8:51  Probe  
  109  9:06  Zealot  
  109  9:09  Zealot x8  
  105  9:21  High Templar  
  99  9:25  Assimilator  
  99  9:29  Assimilator  
  97  9:32  Zealot x6  
Tags
 
Add a new tag
Caveats
  • Supply blocks, unpowered buildings, or Contaminate may cause inaccurate times.
  • Supply counts are checked every 10 seconds.